 Dungeon Crawl Stone Soup version 0.27-a0-1200-g94dc6ad4cf (webtiles) character file.

Game seed: 18210651401538271825

215 zezblit the Skirmisher (level 5, -1/63 HPs)
             Began as a Demonspawn Abyssal Knight on May 31, 2021.
             Was a Believer of Lugonu.
             Slain by a worm (6 damage)
             ... on level 2 of the Dungeon.
             The game lasted 00:23:09 (2005 turns).

zezblit the Skirmisher (Demonspawn Abyssal Knight)  Turns: 2005, Time: 00:23:10

Health: -1/63      AC: 22    Str: 13    XL:     5   Next: 60%
Magic:  7/7        EV:  2    Int: 13    God:    Lugonu [**....]
Gold:   38         SH:  0    Dex: 13    Spells: 4/4 levels left

rFire    . . .     SeeInvis .   a - +1 mace
rCold    . . .     Faith    .   (no shield)
rNeg     + + +     Spirit   .   (armour currently unavailable)
rPois    +         Reflect  .   (helmet currently unavailable)
rElec    .         Harm     .   (cloak currently unavailable)
rCorr    .         Rampage  .   (gloves currently unavailable)
Will     .....     NoTele   +   (boots currently unavailable)
Stlth    +.........             (no amulet)
HPRegen  0.20/turn              (no ring)
MPRegen  0.20/turn              (no ring)

@: tree-form
A: stationary, stasis, torment immunity, boosted hp, (claws 1), repulsion field
1, foul stench 1, magic regeneration
a: Renounce Religion, Depart the Abyss, Bend Space


You were on level 2 of the Dungeon.
You worshipped Lugonu.
Lugonu was pleased with you.
You were a tree.
You visited 1 branch of the dungeon, and saw 2 of its levels.
You visited the Abyss 1 time.

You collected 38 gold pieces.

Inventory:

Hand Weapons
 a - a +1 mace (weapon)
 c - a +1 short sword of venom
 l - a +0 hand axe
 m - a +0 hunting sling
Missiles
 h - 6 datura-tipped darts
 i - 47 stones (quivered)
Armour
 b - a +0 leather armour
 g - a +0 ring mail (melded)
Jewellery
 d - a +6 ring of intelligence
Scrolls
 f - a scroll of amnesia
Potions
 e - a potion of flight
 j - a potion of might
 p - a potion of magic


   Skills:
 + Level 4.0 Fighting
 + Level 3.9 Maces & Flails
 + Level 2.7 Armour
 + Level 1.4 Dodging
 + Level 2.8 Invocations


You had 4 spell levels left.
You didn't know any spells.
Your spell library contained the following spells:

 Spells                   Type           Power      Damage    Failure   Level
 Animate Skeleton         Necr           0%         N/A       30%         1
 Apportation              Tloc           0%         N/A       30%         1
 Corona                   Hex            0%         N/A       30%         1
 Summon Small Mammal      Summ           0%         N/A       30%         1
 Confusing Touch          Hex            0%         N/A       67%         3
 Gell's Gravitas          Tloc           0%         N/A       67%         3
 Petrify                  Tmut/Erth      0%         N/A       97%         4
 Metabolic Englaciation   Hex/Ice        0%         N/A       100%        5
 Yara's Violent Unravell  Hex/Tmut       0%         3d3       100%        5


Dungeon Overview and Level Annotations

Branches:
Dungeon (2/15)

Altars:
Yredelemnul


Innate Abilities, Weirdness & Mutations

You are a tree.
Your roots penetrate the ground, keeping you stationary.
You cannot be teleported.
You are immune to unholy pain and torment.
Your maximum health is greatly increased.
Your equipment is partially melded.
((You have sharp fingernails.))
You are surrounded by a mild repulsion field. (EV +2)
You may rarely emit foul miasma when damaged in melee.
You regenerate magic rapidly.


Message History

Something tries to affect you, but you resist.
Something hits you.
* * * LOW HITPOINT WARNING * * *
You emit a cloud of foul miasma!
You cannot move. (Use ctrl+direction or * direction to attack without moving.)
You swing at nothing.
Something hits you but does no damage.
You hear some strange, mumbled words.
A puff of flame appears from out of thin air!
The puff of flame hits you.
* * * LOW HITPOINT WARNING * * *
You hit something. Something hits you but does no damage.
You nearly hit yourself!
Something hits you.
* * * LOW HITPOINT WARNING * * *
You closely miss something. Lugonu accepts your kill.
Reactivating autopickup.
You feel a bit more experienced.
Your Fighting skill increases to level 4!
Your Maces & Flails skill increases to level 3!
You have reached level 4!
You feel agile.
Your demonic ancestry asserts itself...
Your magic begins to regenerate rapidly.
You have reached level 5!
Your demonic ancestry asserts itself...
Your fingernails lengthen.
You are too confused!
A worm is nearby!
A worm is nearby!
A worm is nearby!
A worm is nearby!
You feel less confused.
As you read the scroll labelled GUUGHA BOJYD, it crumbles to dust.
You cannot blink because you are held in place by your roots.
It was a scroll of blinking.
You cannot move.
You cannot move.
You hit the worm.
The worm is lightly wounded.
The worm bites you.
You die...

##...............
#................
#................
#................ ####
#>............... ##...#
#<...............
#.....##................
..............#.........
.......♣....#.###...###.
......)#w...#........#..
#...........# ##........
#.....##..#.# #........
...... ##....# #........
...... ##...##........
...... .#...........
#.... . ..##...... .
........


You could see a worm.

Vanquished Creatures
  Sigmund (D:2)
  An adder (D:2)
  A worm (D:2)
  A dart slug (D:1)
  6 endoplasms (D:1)
  2 giant cockroaches (D:2)
  2 hobgoblins (D:1)
  4 jackals (D:1)
  3 kobolds (D:1)
  A quokka (D:2)
  6 ball pythons
  A bat (D:2)
  2 frilled lizards
  6 goblins
  2 rats (D:1)
39 creatures vanquished.

Notes
Turn   | Place    | Note
-------+----------+-------------------------------------------
     0 | Abyss:1  | zezblit the Demonspawn Abyssal Knight began the quest for
                  | the Orb.
     0 | Abyss:1  | Reached XP level 1. HP: 18/18 MP: 2/2
    39 | Abyss:1  | Noticed a wretched star
    40 | D:1      | Escaped the Abyss
   175 | D:1      | Reached * piety under Lugonu
   304 | D:1      | Gained mutation: You are surrounded by a mild repulsion
                  | field. (EV +2) [demonic ancestry]
   304 | D:1      | Reached XP level 2. HP: 22/24 MP: 4/4
   481 | D:1      | Found a faded altar of an unknown god.
   873 | D:1      | Reached skill level 1 in Dodging
  1109 | D:1      | Gained mutation: You may rarely emit foul miasma when
                  | damaged in melee. [demonic ancestry]
  1109 | D:1      | Reached XP level 3. HP: 16/29 MP: 5/5
  1806 | D:2      | Found a basalt altar of Yredelemnul.
  1892 | D:2      | Reached ** piety under Lugonu
  1985 | D:2      | Noticed Sigmund
  1998 | D:2      | HP: 2/45 [something (6)]
  1999 | D:2      | Killed Sigmund
  2000 | D:2      | Reached skill level 4 in Fighting
  2000 | D:2      | Gained mutation: You regenerate magic rapidly. [demonic
                  | ancestry]
  2000 | D:2      | Reached XP level 4. HP: 3/37 MP: 6/6
  2000 | D:2      | Gained mutation: You have sharp fingernails. [demonic
                  | ancestry]
  2000 | D:2      | Reached XP level 5. HP: 4/42 MP: 7/7
  2005 | D:2      | Slain by a worm

Illustrated notes

Levels and vault maps discovered:
D:1:      wander_arrival_fairy_ring, layout_basic,
          hellmonk_ecumenical_altar_lost_god
D:2:      layout_rooms, basic_altar, minmay_quantized, uniq_sigmund

Skill      XL: |  1  2  3 |
---------------+----------+-----
Maces & Flails | 2 3 |  3.9
Dodging        | 1 |  1.4
Armour         | 2 |  2.7
Fighting       | 4 |  4.0
Invocations    | |  2.8

Action                   |  1- 3 |  4- 6 || total
-------------------------+-------+-------++-------
Melee: Mace              |    95 |     1 ||    96
Invok: Depart the Abyss  |     1 |       ||     1
  Use: Scroll            |     5 |     1 ||     6
       Potion            |     1 |       ||     1
Armor: Leather armour    |     5 |       ||     5
       Ring mail         |    26 |       ||    26
       Skin              |     2 |       ||     2
Dodge: Dodged            |    64 |       ||    64

Table legend: (Time is in decaauts)
 A = Elapsed time spent in this place.
 B = Non-inter-level travel time spent in this place.
 C = Inter-level travel time spent in this place.
 D = Time resting spent in this place.
 E = Time spent auto-exploring this place.
 F = Levels seen in this place.
 G = Mean time per level.
                   A        B        C        D        E       F      G
               +--------+--------+--------+--------+--------+-----+--------+
         Total |   2034 |   1827 |    207 |    425 |   1039 |   3 |  678.0 |
       Dungeon |   1994 |   1787 |    207 |    425 |   1000 |   2 |  997.0 |
         Abyss |     40 |     40 |      0 |      0 |     39 |   1 |   40.0 |
               +--------+--------+--------+--------+--------+-----+--------+

Top non-repeatable levels by time:
     D:1: 1706 daAuts
     D:2: 288 daAuts
 Abyss:1: 40 daAuts
